 Dungeon Crawl Stone Soup version 0.23.2-40-g277498a (webtiles) character file.

Game seed: 8940253984771699383

14088 Gadfly the Cleaver (level 11, -1/83 HPs)
             Began as a Demonspawn Monk on Aug 16, 2019.
             Was a Believer of Uskayaw.
             Splashed by an oklob plant's acid (10 damage)
             ... on level 1 of the Lair of Beasts.
             The game lasted 00:34:02 (11895 turns).

Gadfly the Cleaver (Demonspawn Monk)               Turns: 11895, Time: 00:34:03

Health: -1/83      AC: 14    Str: 19    XL:     11   Next: 84%
Magic:  0/16       EV:  9    Int: 14    God:    Uskayaw [**....]
Gold:   485        SH:  0    Dex: 15    Spells: 10/10 levels left

rFire    . . .     SeeInvis .   a - +3 battleaxe (freeze)
rCold    + . .     Gourm    .   (shield currently unavailable)
rNeg     . . .     Faith    .   C - +0 plate armour
rPois    +         Spirit   +   M - +1 hat
rElec    .         Reflect  .   w - scarf {repulsion}
rCorr    .         Harm     .   (gloves unavailable)
MR       .....                  l - +0 pair of boots
Stlth    ..........             v - amulet of guardian spirit
HPRegen  0.23/turn              B - ring "Perawel" {+Inv rPois Str+2 Stlth+}
MPRegen  0.15/turn              p - +6 ring of protection

@: corroded, studying Axes, repel missiles
A: claws 3, clever 1, cold resistance 1, powered by death 1, spiny 1, strong 1,
sturdy frame 2
a: Stomp, Line Pass, Renounce Religion, Evoke Invisibility


You were on level 1 of the Lair of Beasts.
You worshipped Uskayaw.
Uskayaw was noncommittal.
You were not hungry.

You visited 3 branches of the dungeon, and saw 12 of its levels.
You also visited: Ossuary.

You collected 637 gold pieces.
You spent 152 gold pieces at shops.

Inventory:

Hand Weapons
 a - a +3 battleaxe of freezing (weapon)
 b - the +3 spear "Ubotho" {chaos, rN+ Dex+3}
   (You took it off a gnoll sergeant on level 7 of the Dungeon)

   Each time it hits an enemy it has a different, random effect.
   It affects your dexterity (+3).
   It protects you from negative energy.
 I - a +1 hand axe of flaming
 J - a +2 flail of protection
Missiles
 k - 12 exploding tomahawks (quivered)
Armour
 l - a +0 pair of boots (worn)
 w - a scarf of repulsion (worn)
 z - the +1 leather armour of Weirdness {rCorr Str+4}
   (You found it on level 7 of the Dungeon)

   It affects your strength (+4).
   It provides partial protection from all sources of acid and corrosion.
 C - a +0 plate armour (worn)
 K - the +0 scale mail "Emaxt" {rElec rF- rC+ Int+2}
   (You took it off a gnoll sergeant on level 7 of the Dungeon)

   It affects your intelligence (+2).
   It makes you vulnerable to fire.
   It protects you from cold.
   It insulates you from electricity.
 M - a +1 hat (worn)
Jewellery
 g - an uncursed ring of fire
 i - an uncursed ring of protection from magic
 m - an uncursed ring of flight
 p - a +6 ring of protection (right claw)
 v - an amulet of guardian spirit (around neck)
 B - the ring "Perawel" (left claw) {+Inv rPois Str+2 Stlth+}
   (You took it off a gnoll on level 7 of the Dungeon)

   [ring of stealth]

   It affects your strength (+2).
   It protects you from poison.
   It lets you turn invisible.
   It makes you more stealthy.
 L - an uncursed ring of ice
Wands
 d - a wand of enslavement (10)
 h - a wand of digging (4)
 t - a wand of disintegration (10)
Scrolls
 j - 10 scrolls of teleportation
 o - 2 scrolls of magic mapping
 q - 2 scrolls of amnesia
 s - a scroll of blinking
 u - 4 scrolls of enchant armour
 y - a scroll of fog
 E - a scroll of vulnerability {unknown}
 G - 2 scrolls of fear
Potions
 e - 2 potions of lignification
 f - 2 potions of haste
 n - a potion of berserk rage
 r - a potion of heal wounds
 x - 6 potions of curing
 A - 2 potions of brilliance
 D - a potion of mutation
 N - a potion of resistance
Books
 F - a manual of Axes
Comestibles
 c - 24 rations


   Skills:
 + Level 6.6 Fighting
 * Level 13.8 Axes
 * Level 8.0 Armour
 - Level 2.6 Dodging
 - Level 1.7 Stealth
 + Level 7.8 Invocations
 + Level 5.7 Evocations


You had 10 spell levels left.
You didn't know any spells.
Your spell library contained the following spells:

 Spells                   Type           Power        Failure   Level  Hunger
 Infusion                 Chrm           #...         88%         1    ##.....
 Shroud of Golubria       Chrm/Tloc      #.........   96%         2    ###....
 Song of Slaying          Chrm           #.......     96%         2    ###....
 Regeneration             Chrm/Necr      #.........   99%         3    ####...
 Spectral Weapon          Hex/Chrm       #.......     99%         3    ####...
 Bolt of Magma            Conj/Fire/Erth #.........   100%        5    ######.
 Iskenderun's Battlesphe  Conj/Chrm      #.......     100%        5    ######.
 Venom Bolt               Conj/Pois      #.........   100%        5    ######.
 Iron Shot                Conj/Erth      #.........   100%        6    #######
 Orb of Destruction       Conj           #.........   100%        7    #######
 Spellforged Servitor     Conj/Summ      #.........   100%        7    #######


Dungeon Overview and Level Annotations

Branches:
Dungeon (10/15)            Temple (1/1) D:5            Lair (1/6) D:9
    Orc (0/2) D:9

Altars:
Ashenzari
Cheibriados
Dithmenos
Elyvilon
Fedhas
Gozag
Hepliaklqana
Kikubaaqudgha
Makhleb
Nemelex Xobeh
Okawaru
Qazlal
Ru
Sif Muna
Trog
Uskayaw
Vehumet
Wu Jian
Xom
Yredelemnul
Zin
The Shining One

Shops:
D:5 *   D:6 (   D:9 *

Annotations:
Lair:1 exclusion: 3 oklob plants


Innate Abilities, Weirdness & Mutations

You have claws for hands.
You regenerate a little health from kills.
You are partially covered in sharp spines.
Your movements are less encumbered by armour. (ER -4)
Your mind is acute. (Int +2)
Your flesh is cold resistant. (rC+)
Your muscles are strong. (Str +2)


Message History

The splash of acid hits you!
* * * LOW HITPOINT WARNING * * *
The acid corrodes you!
You are splashed with acid!
* * * LOW HITPOINT WARNING * * *
The oklob plant spits acid at you.
The splash of acid hits you but does no damage.
The acid corrodes you!
You are splashed with acid!
* * * LOW HITPOINT WARNING * * *
You can now pass through a line of other dancers.
You feel much better. The oklob plant spits acid at you.
The splash of acid hits you!
* * * LOW HITPOINT WARNING * * *
The acid corrodes you!
You are splashed with acid!
* * * LOW HITPOINT WARNING * * *
The oklob plant spits acid at you. The splash of acid hits you.
* * * LOW HITPOINT WARNING * * *
You are splashed with acid!
You die...

#........P#
#.#.....## ###...#
### #...#
#######.###..##
#P)..|.......#
#.$$.........#######
#$.P..P.............
#?P@$[..............
#/)...P...(.........
#######.#......#####
#.......###
#.......# #.......#
#...##...#
######...# #...#


You could see 3 oklob plants.

Vanquished Creatures
  An unseen horror (D:9)
  The ghost of MollyMolluskus the Sneak, a novice OpFi of Gozag (D:7)
  An oklob plant (Lair:1)
  2 black mambas (Lair:1)
  5 spiny frogs (Lair:1)
  A komodo dragon (Lair:1)
  A troll (D:9)
  A hornet (D:8)
  2 hippogriffs
  A spriggan (D:8)
  11 yaks
  Grum (D:7)
  2 hungry ghosts
  3 water moccasins (Lair:1)
  2 porcupines (Lair:1)
  2 sky beasts
  3 orc warriors
  2 black bears
  2 ice beasts
  5 phantoms
  An eye of draining (D:8)
  6 ogres
  4 centaurs
  A crocodile (Lair:1)
  10 wolves
  3 big kobolds
  2 elf skeletons (D:4)
  5 bullfrogs
  4 gnoll sergeants (D:7)
  A water moccasin zombie (D:6)
  6 scorpions
  2 electric eels (D:9)
  4 wights (D:8)
  2 howler monkeys
  6 crimson imps
  5 centaur zombies
  A quasit (D:10)
  A bullfrog zombie (D:5)
  6 hounds
  4 human zombies
  5 orc priests
  11 orc wizards
  A centaur skeleton (D:5)
  2 bullfrog skeletons
  2 gnoll shamans
  3 jellies
  A human skeleton (D:4)
  Jessica (D:2)
  Natasha (thrice) (D:2)
  3 iguanas
  8 worker ants
  2 big kobold zombies (Ossuary)
  3 mummies (Ossuary)
  A howler monkey zombie (D:7)
  A worker ant zombie (D:6)
  10 gnolls
  5 adders
  5 scorpion zombies (Ossuary)
  A shadow imp (D:8)
  2 oozes
  An adder zombie (D:7)
  3 adder skeletons
  2 worms
  2 dart slugs
  11 leopard geckos
  46 orcs
  6 giant cockroaches
  5 gnoll zombies (Ossuary)
  12 goblins
  8 hobgoblins
  12 jackals
  7 quokkas
  A ball python (D:8)
  9 bats
  13 frilled lizards
  A goblin zombie (Ossuary)
  A hobgoblin zombie (Ossuary)
  3 jackal zombies
  29 kobolds
  2 kobold zombies (Ossuary)
  A leopard gecko zombie (D:5)
  2 orc skeletons (D:4)
  An orc zombie (Ossuary)
  A quokka zombie (D:6)
  16 rats
  A plant (Lair:1)
389 creatures vanquished.

Vanquished Creatures (others)
  8 plants
8 creatures vanquished.

Grand Total: 397 creatures vanquished

Notes
Turn   | Place    | Note
-------+----------+-------------------------------------------
     0 | D:1      | Gadfly the Demonspawn Monk began the quest for the Orb.
     0 | D:1      | Reached XP level 1. HP: 18/18 MP: 1/1
    68 | D:1      | Reached skill level 3 in Axes
    73 | D:1      | Gained mutation: Your movements are slightly less
                  | encumbered by armour. (ER -2) [demonic ancestry]
    73 | D:1      | Reached XP level 2. HP: 9/24 MP: 2/2
   380 | D:1      | Reached skill level 1 in Armour
   546 | D:1      | Reached XP level 3. HP: 26/29 MP: 3/3
   919 | D:2      | Noticed Jessica
   934 | D:2      | Killed Jessica
   934 | D:2      | Gained mutation: You are partially covered in sharp spines.
                  | [demonic ancestry]
   934 | D:2      | Reached XP level 4. HP: 24/35 MP: 4/4
  1042 | D:2      | Reached skill level 4 in Axes
  1511 | D:2      | Noticed Natasha
  1519 | D:2      | Killed Natasha
  2207 | D:2      | Noticed Natasha
  2218 | D:2      | Killed Natasha
  2218 | D:2      | Gained mutation: You have sharp fingernails. [demonic
                  | ancestry]
  2218 | D:2      | Reached XP level 5. HP: 34/41 MP: 5/5
  2321 | D:2      | Noticed Natasha
  2331 | D:2      | Killed Natasha
  2896 | D:3      | Reached skill level 5 in Axes
  3262 | D:4      | Noticed a phantom
  3284 | D:4      | Killed a phantom
  3284 | D:4      | Gained mutation: You regenerate a little health from kills.
                  | [demonic ancestry]
  3284 | D:4      | Reached XP level 6. HP: 35/47 MP: 6/6
  3286 | D:4      | Found a basalt altar of Yredelemnul.
  3513 | D:4      | Reached skill level 6 in Axes
  3541 | D:4      | Found a sand-covered staircase.
  3548 | Ossuary  | Entered an ossuary
  3561 | Ossuary  | Gained mutation: You have very sharp fingernails. [demonic
                  | ancestry]
  3561 | Ossuary  | Reached XP level 7. HP: 46/52 MP: 7/7
  3615 | Ossuary  | Reached skill level 7 in Axes
  3753 | Ossuary  | Reached skill level 8 in Axes
  3907 | Ossuary  | Reached XP level 8. HP: 52/58 MP: 8/8
  4452 | D:4      | Reached skill level 9 in Axes
  4726 | D:5      | Entered Level 5 of the Dungeon
  4862 | D:5      | Reached skill level 10 in Axes
  4970 | D:5      | Found Pidigr Muzor's Assorted Antiques.
  4987 | D:5      | Bought an embroidered scarf for 152 gold pieces
  5207 | D:5      | Gained mutation: You have claws for hands. [demonic
                  | ancestry]
  5207 | D:5      | Reached XP level 9. HP: 63/63 MP: 9/9
  5208 | D:5      | Found a staircase to the Ecumenical Temple.
  5219 | Temple   | Entered the Ecumenical Temple
  5290 | Temple   | Became a worshipper of Uskayaw the Reveler
  5290 | Temple   | Reached * piety under Uskayaw
  5443 | D:5      | Found a shadowy altar of Dithmenos.
  5449 | D:5      | Reached ** piety under Uskayaw
  5457 | D:5      | Reached skill level 1 in Invocations
  5805 | D:6      | Reached skill level 1 in Evocations
  6029 | D:6      | Reached *** piety under Uskayaw
  6105 | D:6      | Found Faikhli's Antique Weapon Emporium.
  6511 | D:7      | Reached **** piety under Uskayaw
  6512 | D:7      | Reached skill level 11 in Axes
  6515 | D:7      | Reached ***** piety under Uskayaw
  6535 | D:7      | Got a steaming leather armour
  6546 | D:7      | Identified the +1 leather armour of Weirdness {rCorr Str+4}
                  | (You found it on level 7 of the Dungeon)
  7041 | D:7      | Identified the +3 spear "Ubotho" {chaos, rN+ Dex+3}
  7041 | D:7      | Identified the cursed +0 scale mail "Emaxt" {rElec rF- rC+
                  | Int+2}
  7074 | D:7      | Found a sparkling altar of Nemelex Xobeh.
  7175 | D:7      | Noticed Grum
  7233 | D:7      | Found a transporter.
  7234 | D:7      | Identified the ring "Perawel" {+Inv rPois Str+2 Stlth+}
  7240 | D:7      | Found a transporter.
  7249 | D:7      | Noticed MollyMolluskus's ghost (novice OpFi)
  7517 | D:7      | Killed Grum
  7517 | D:7      | Gained mutation: Your movements are less encumbered by
                  | armour. (ER -4) [demonic ancestry]
  7517 | D:7      | Reached XP level 10. HP: 32/72 MP: 3/13
  7522 | D:7      | HP: 2/72 [disintegration (17)]
  7526 | D:7      | Reached ****** piety under Uskayaw
  7610 | D:7      | Killed MollyMolluskus's ghost
  7610 | D:7      | Reached skill level 5 in Armour
  8000 | D:8      | Found a glowing golden altar of the Shining One.
  8199 | D:8      | Reached skill level 5 in Invocations
  8770 | D:8      | Reached skill level 5 in Fighting
  8892 | D:8      | Reached skill level 12 in Axes
  9175 | D:9      | Found a staircase to the Lair.
  9663 | D:9      | Found Ivagihess's Changing Room.
  9673 | D:9      | Killed an unseen horror
  9860 | D:9      | Reached XP level 11. HP: 80/80 MP: 15/15
  9928 | D:9      | Found a staircase to the Orcish Mines.
  9973 | D:9      | Gained mutation: You are frail. (-10% HP) [potion of
                  | mutation]
  9973 | D:9      | Gained mutation: Your flesh is cold resistant. (rC+)
                  | [potion of mutation]
  9973 | D:9      | Gained mutation: You can translocate small distances at
                  | will. [potion of mutation]
  9973 | D:9      | Lost mutation: You are frail. (-10% HP) [potion of
                  | mutation]
 10220 | D:9      | Lost mutation: You can translocate small distances at will.
                  | [potion of mutation]
 10220 | D:9      | Gained mutation: Your mind is acute. (Int +2) [potion of
                  | mutation]
 10220 | D:9      | Gained mutation: You have large cloven feet. [potion of
                  | mutation]
 10220 | D:9      | Lost mutation: You have large cloven feet. [potion of
                  | mutation]
 10220 | D:9      | Gained mutation: Your muscles are strong. (Str +2) [potion
                  | of mutation]
 10225 | D:10     | Entered Level 10 of the Dungeon
 10229 | D:10     | Noticed a two-headed ogre
 10543 | Lair:1   | Entered Level 1 of the Lair of Beasts
 10560 | Lair:1   | Reached skill level 13 in Axes
 10560 | Lair:1   | Reached skill level 5 in Evocations
 10901 | Lair:1   | Noticed an oklob plant
 11130 | Lair:1   | Noticed an oklob plant
 11131 | Lair:1   | Noticed an oklob plant
 11132 | Lair:1   | Noticed an oklob plant
 11148 | Lair:1   | Killed an oklob plant
 11513 | Lair:1   | HP: 4/83 [acid (12)]
 11895 | Lair:1   | Splashed by an oklob plant's acid

Skill      XL: |  1  2  3  4  5  6  7  8  9 10 11 |
---------------+----------------------------------+-----
Axes           | 3 4 5 6 8 10 11 12 13 | 13.8
Armour         | 1 2 4 6 8 |  8.0
Invocations    | 4 6 7 |  7.8
Evocations     | 2 4 5 |  5.7
Fighting       | 4 5 6 |  6.6
Dodging        | |  2.6
Stealth        | |  1.7

Action                   |  1- 3 |  4- 6 |  7- 9 | 10-12 || total
-------------------------+-------+-------+-------+-------++-------
Melee: Hand axe          |    89 |    84 |       |       ||   173
       War axe           |       |    78 |   439 |   143 ||   660
       Battleaxe         |       |       |       |   189 ||   189
       Spear             |       |       |       |    20 ||    20
Invok: Stomp             |       |       |     1 |       ||     1
Evoke: Wand              |       |       |       |     7 ||     7
  Use: Scroll            |     3 |    11 |     8 |     5 ||    27
       Potion            |       |       |     1 |     6 ||     7
 Stab: Sleeping          |     1 |     3 |       |       ||     4
       Paralysed         |       |       |     9 |    36 ||    45
       Petrifying        |       |       |       |     1 ||     1
  Eat: Chunk             |       |     8 |    10 |    16 ||    34
       Ration            |       |       |     1 |     1 ||     2
Armor: Robe              |    14 |       |       |       ||    14
       Ring mail         |    21 |    30 |       |       ||    51
       Chain mail        |       |    39 |   199 |       ||   238
       Plate armour      |       |       |    36 |   201 ||   237
       Skin              |       |       |       |    13 ||    13
Dodge: Dodged            |    69 |    69 |   157 |   159 ||   454
       Deflected         |       |       |     2 |    17 ||    19
